 Dungeon Crawl Stone Soup version 0.28.0-1-gb440e238dd (webtiles) character file.

Game seed: 17473695033987006388

343 zeram the Covered (level 6, -8/37 HPs)
             Began as a Gargoyle Fighter on Feb 24, 2022.
             Mangled by an ogre (28 damage)
             ... on level 4 of the Dungeon.
             The game lasted 00:05:48 (3944 turns).

zeram the Covered (Gargoyle Fighter)                Turns: 3944, Time: 00:05:48

Health: -8/37      AC: 13    Str: 21    XL:     6   Next: 57%
Magic:  6/6        EV: 10    Int:  9    God:
Gold:   142        SH:  5    Dex: 15    Spells: 5/5 levels left

rFire   + + .      SeeInvis .   h - +2 dagger (venom)
rCold   + . .      Faith    .   c - +0 buckler
rNeg    + + +      Spirit   .   b - +0 scale mail
rPois   ∞          Reflect  .   l - +0 helmet
rElec   +          Harm     .   j - scarf {rC+ rF+}
rCorr   .          Rampage  .   (no gloves)
Will    .....                   (no boots)
Stlth   +.........              (no amulet)
HPRegen 0.12/turn               m - ring of Jioliug {rF+ rN+++ Dex+6 Stlth+}
MPRegen 0.10/turn               (no ring)

@: no status effects
A: sickness immunity, AC +4, negative energy resistance 1, electricity
resistance, torment resistance 1, petrification resistance
a: no special abilities


You were on level 4 of the Dungeon.
You visited 1 branch of the dungeon, and saw 4 of its levels.

You collected 142 gold pieces.

Inventory:

Hand Weapons
 a - a +0 flail
 h - a +2 dagger of venom (weapon)
Armour
 b - a +0 scale mail (worn)
 c - a +0 buckler (worn)
 j - a scarf of resistance (worn)
 l - a +0 helmet (worn)
Jewellery
 m - the ring of Jioliug (left hand) {rF+ rN+++ Dex+6 Stlth+}
   (You found it on level 3 of the Dungeon)

   [ring of dexterity]

   Dex:       It affects your dexterity (+6).
   rF:        It protects you from fire.
   rN:        It renders you almost immune to negative energy.
   Stlth:     It makes you more stealthy.
 s - a +6 ring of intelligence
Wands
 n - a wand of charming (2)
Scrolls
 k - a scroll of immolation {unknown}
 o - a scroll of teleportation
Potions
 d - a potion of might
 e - 3 potions of curing
 f - a potion of flight
 g - a potion of berserk rage {unknown}
 i - 2 potions of resistance
 q - a potion of haste {unknown}
 r - a potion of lignification {unknown}


   Skills:
 - Level 3.4 Fighting
 - Level 2.0 Maces & Flails
 + Level 6.6 Armour
 + Level 1.1 Dodging
 + Level 4.8 Shields


You had 5 spell levels left.
You didn't know any spells.
Your spell library contained the following spells:

 Spells                   Type           Power      Damage    Failure   Level
 Stone Arrow              Conj/Erth      0%         3d7       98%         3
 Animate Armour           Summ/Erth      0%         N/A       100%        4
 Lehudib's Crystal Spear  Conj/Erth      0%         10d2      100%        8


Dungeon Overview and Level Annotations

Branches:
Dungeon (4/15)
 Temple: D:4-7

Altars:

Shops:
D:1 *

Annotations:
D:3 3 runed translucent doors, Selrock's ghost, amateur DsGl


Innate Abilities, Weirdness & Mutations

You are immune to sickness and miasma.
Your stone body is resilient. (AC +4)
You are immune to poison.
You resist negative energy. (rN+)
You are resistant to electric shocks. (rElec)
You are resistant to unholy torment.
You are immune to petrification.


Message History

You hit the orc.
The orc is poisoned.
The orc is severely wounded.
The orc hits you but does no damage.
You hit the orc.
You kill the orc!
You hit the orc.
The orc is poisoned.
The orc is moderately wounded.
The orc closely misses you.
You barely miss the orc.
The orc is almost dead.
The orc barely misses you.
You closely miss the orc.
The orc is almost dead.
The orc barely misses you.
You hit the orc.
You kill the orc!
No target in view!
No target in view!
No target in view!
No target in view!
Items here: )))))) †††††.
Okay, then.
An ogre and a kobold come into view.
Found 14 gold pieces.
The ogre shouts!
The kobold shouts!
There are monsters nearby!
There are monsters nearby!
There are monsters nearby!
There are monsters nearby!
The ogre hits you with a +0 giant club!
You hit the ogre.
The ogre is poisoned.
The ogre is lightly wounded.
The ogre barely misses you.
You hit the ogre.
The ogre looks as sick as possible!
The ogre is moderately wounded.
You hit the ogre.
The ogre looks as sick as possible!
The ogre is heavily wounded.
The ogre hits you with a +0 giant club!!
Ouch! That really hurt!
You die...

#......#........
#.#.#......#....##
#.#.#..#####.#####
#.#.#..)..........
#.#.#.######.#####
#.#.#.# #.#
#K#.#.# #.#
#O#.#.######.#
#@#..........#
##.###.########
#......# ##.#####
#.. ###


You could see an ogre (extremely poisoned) and a kobold.

Vanquished Creatures
  An ogre (D:3)
  A hound (D:4)
  A gnoll shaman (D:4)
  A centaur skeleton (D:4)
  An iguana (D:4)
  A hound skeleton (D:4)
  An adder (D:3)
  5 gnolls (D:4)
  A dart slug (D:3)
  8 orcs
  5 endoplasms
  2 giant cockroaches (D:1)
  4 goblins
  7 hobgoblins
  5 jackals
  8 kobolds
  A quokka (D:2)
  2 ball pythons
  A bat (D:3)
  4 frilled lizards
  2 rats
62 creatures vanquished.

Notes
Turn   | Place    | Note
-------+----------+-------------------------------------------
     0 | D:1      | zeram the Gargoyle Fighter began the quest for the Orb.
     0 | D:1      | Reached XP level 1. HP: 14/14 MP: 1/1
   409 | D:1      | Found Boraguon's General Store.
   602 | D:1      | Reached XP level 2. HP: 16/19 MP: 2/2
  1588 | D:2      | Reached skill level 4 in Armour
  1615 | D:2      | Reached XP level 3. HP: 23/23 MP: 3/3
  1797 | D:3      | Noticed an ogre
  1813 | D:3      | Killed an ogre
  1814 | D:3      | Reached skill level 5 in Armour
  1814 | D:3      | Reached XP level 4. HP: 7/28 MP: 4/4
  1814 | D:3      | Reached XP level 5. HP: 8/32 MP: 5/5
  2106 | D:3      | Found a runed translucent gate.
  2106 | D:3      | Found a runed translucent gate.
  2106 | D:3      | Found a runed translucent gate.
  2337 | D:3      | Identified the ring of Jioliug {rF+ rN+++ Dex+6 Stlth+}
  2494 | D:3      | Noticed Selrock's ghost (amateur DsGl)
  2550 | D:3      | Found a faded altar of an unknown god.
  3137 | D:3      | Reached XP level 6. HP: 11/37 MP: 6/6
  3488 | D:4      | Reached skill level 6 in Armour
  3497 | D:4      | Reached skill level 1 in Dodging
  3944 | D:4      | Mangled by an ogre

Illustrated notes

Levels and vault maps discovered:
D:1:      saegor_arrival_simple_a, layout_loops_ring, serial_shops,
          nicolae_shop_crystal
D:2:      layout_loops_ring
D:3:      layout_loops_ring, gammafunk_ghost_icy, basic_ecumenical_altar
D:4:      layout_basic, grunt_ministairs_3

Skill      XL: |  1  2  3  4  5  6 |
---------------+-------------------+-----
Armour         | 4 5 6 |  6.6
Shields        | 4 |  4.8
Dodging        | 1 |  1.1
Fighting       | |  3.4
Maces & Flails | |  2.0

Action                   |  1- 3 |  4- 6 || total
-------------------------+-------+-------++-------
Melee: Flail             |    24 |       ||    24
       Dagger            |    61 |   126 ||   187
  Use: Scroll            |     3 |     5 ||     8
Armor: Scale mail        |    29 |    61 ||    90
Dodge: Dodged            |    32 |    45 ||    77
Block: Buckler           |    11 |    27 ||    38
